 Dungeon Crawl Stone Soup version 0.25.1-8-g42b30a86e7 (webtiles) character file.

Game seed: 5278224316784247858

423 Garmo the Shield-Bearer (level 6, -10/84 HPs)
             Began as a Minotaur Fighter on Nov 30, 2020.
             Killed by nerve-wracking pain
             ... invoked by an orc priest
              (13 damage)
             ... on level 5 of the Dungeon.
             The game lasted 00:08:12 (4456 turns).

Garmo the Shield-Bearer (Minotaur Fighter)          Turns: 4456, Time: 00:08:13

Health: -10/84     AC: 12    Str: 22    XL:     6   Next: 63%
Magic:  5/5        EV:  4    Int:  6    God:
Gold:   185        SH: 10    Dex:  9    Spells: 5/5 levels left

rFire    + . .     SeeInvis .   A - +2 long sword of Siysiapluagh {vorpal, rF+}
rCold    . . .     Gourm    .   c - +0 kite shield
rNeg     . . .     Faith    .   t - +0 plate armour
rPois    .         Spirit   .   (helmet restricted)
rElec    .         Reflect  .   (no cloak)
rCorr    .         Harm     .   (no gloves)
MR       .....                  (no boots)
Stlth    ..........             (no amulet)
HPRegen  0.24/turn              (no ring)
MPRegen  0.09/turn              (no ring)

@: berserking (expiring), slowed
A: retaliatory headbutt, horns 2
a: no special abilities


You were on level 5 of the Dungeon.
You were not hungry.

You visited 1 branch of the dungeon, and saw 5 of its levels.

You collected 185 gold pieces.

Inventory:

Hand Weapons
 a - a +0 long sword
 A - the +2 long sword of Siysiapluagh (weapon) {vorpal, rF+}
   (You found it on level 4 of the Dungeon)

   It inflicts extra damage upon your enemies.
   It protects you from fire.
Missiles
 o - 213 stones (quivered)
 u - 4 poisoned darts
 v - 8 silver boomerangs
 w - 5 boomerangs
Armour
 c - a +0 kite shield (worn)
 t - a +0 plate armour (worn)
   (You found it on level 2 of the Dungeon)
Jewellery
 i - an uncursed ring of magical power {unknown}
   (You found it on level 4 of the Dungeon)
 q - an uncursed ring of wizardry {unknown}
   (You found it on level 2 of the Dungeon)
 B - a +4 ring of slaying {unknown}
   (You found it on level 4 of the Dungeon)
Scrolls
 b - a scroll of fog {unknown}
 g - 3 scrolls of teleportation {unknown}
 n - 2 scrolls of random uselessness {unknown}
 r - 2 scrolls of enchant weapon {unknown}
 s - a scroll of blinking {unknown}
 y - a scroll of amnesia {unknown}
Potions
 d - 2 potions of might
 f - a potion of brilliance
 j - a potion of stabbing
 k - 5 potions of curing {@q1}
 m - a potion of cancellation
 x - a potion of flight
Comestibles
 e - 6 rations {!d}


   Skills:
 + Level 5.5 Fighting
 + Level 4.7 Long Blades
 + Level 5.4 Armour
 + Level 5.5 Shields


You had 5 spell levels left.
You didn't know any spells.
Your spell library contained the following spells:

 Spells                   Type           Power        Failure   Level  Hunger
 Shock                    Conj/Air       #...         100%        1    ##.....
 Swiftness                Chrm/Air       #.......     100%        2    ###....
 Static Discharge         Conj/Air       #.......     100%        3    ####...
 Airstrike                Air            #.........   100%        4    #####..
 Lightning Bolt           Conj/Air       #.........   100%        5    ######.


Dungeon Overview and Level Annotations

Branches:
Dungeon (5/15)
 Temple: D:4-7

Altars:
Ashenzari
Gozag


Innate Abilities, Weirdness & Mutations

You reflexively headbutt those who attack you in melee.
You have a pair of horns on your head.


Message History

* * * LOW HITPOINT WARNING * * *
The orc wizard hits you but does no damage.
The orc priest hits you but does no damage. x2
The orc wizard hits you but does no damage.
Your shield and plate armour prevent you from hitting the orc priest.
You headbutt the orc priest, but do no damage.
The orc priest hits you with a +0 dagger.
* * * LOW HITPOINT WARNING * * *
The orc priest completely misses you. You block the orc wizard's attack.
The orc priest barely misses you.
You closely miss the orc priest.
The orc wizard hits you but does no damage.
The orc priest barely misses you.
You riposte.
You closely miss the orc priest. You block the orc priest's attack.
The orc wizard hits you but does no damage.
The orc priest hits you but does no damage.
Your shield and plate armour prevent you from hitting the orc priest.
Your headbutt misses the orc priest.
The orc priest hits you but does no damage.
The orc wizard casts a spell.
The orc wizard seems to speed up.
The orc priest hits you but does no damage. x2
The orc wizard hits you but does no damage.
You hit the orc priest.
The orc wizard gestures wildly while chanting.
The orc wizard blinks!
The orc priest invokes the aid of Beogh against you.
Beogh smites you!
* * * LOW HITPOINT WARNING * * *
The orc priest barely misses you.
You riposte.
Your shield and plate armour prevent you from hitting the orc priest.
You block the orc priest's attack. x2
A red film seems to cover your vision as you go berserk!
You feel yourself moving faster!
You feel mighty! You block the orc priest's attack.
The orc wizard points at you and mumbles some strange words.
The magic dart hits you.
* * * LOW HITPOINT WARNING * * *
The orc priest hits you but does no damage.
The orc priest hits you with a +0 dagger.
* * * LOW HITPOINT WARNING * * *
You slash the orc priest!
You kill the orc priest!
The orc wizard casts a spell at you. You resist with some effort.
The orc priest barely misses you.
You barely miss the orc priest. Your headbutt misses the orc priest.
You block the orc wizard's attack.
The orc priest calls down the wrath of Beogh upon you.
Pain shoots through your body!
You die...

..#?.....S.#
.......<## #...
#...#.........##..
# ##.....$....#.#
#..%#..........
##..##.#.......
##............
#.....o......
###.)@.#.....
#..o.#.....
##.(...# #......#
#.))..#.#..
##.<.......
##.###.... #..
.... ##.. ...


You could see an orc priest and an orc wizard (fast).

Vanquished Creatures
  A scorpion (D:4)
  A bullfrog skeleton (D:4)
  A hound (D:4)
  A centaur skeleton (D:4)
  2 orc priests
  An iguana (D:4)
  A worker ant (D:4)
  Robin (D:3)
  5 adders
  A dart slug (D:1)
  4 leopard geckos
  11 orcs
  5 giant cockroaches
  21 goblins
  8 hobgoblins
  5 jackals
  7 kobolds
  A quokka (D:2)
  2 ball pythons (D:3)
  15 bats
  11 frilled lizards
  8 rats
113 creatures vanquished.

Notes
Turn   | Place    | Note
-------+----------+-------------------------------------------
     0 | D:1      | Garmo the Minotaur Fighter began the quest for the Orb.
     0 | D:1      | Reached XP level 1. HP: 19/19 MP: 0/0
   299 | D:1      | Reached XP level 2. HP: 27/27 MP: 1/1
   726 | D:1      | Reached XP level 3. HP: 32/33 MP: 2/2
  2027 | D:2      | Reached XP level 4. HP: 40/40 MP: 3/3
  2688 | D:3      | Reached XP level 5. HP: 47/47 MP: 4/4
  2981 | D:3      | Noticed Robin
  3007 | D:3      | Killed Robin
  3655 | D:4      | Reached skill level 5 in Shields
  3675 | D:4      | Found a shattered altar of Ashenzari.
  3692 | D:4      | Reached skill level 5 in Fighting
  3692 | D:4      | Reached skill level 5 in Armour
  3700 | D:4      | Got an ancient long sword
  3712 | D:4      | Reached XP level 6. HP: 49/56 MP: 5/5
  3848 | D:4      | Found an opulent altar of Gozag.
  4263 | D:5      | Entered Level 5 of the Dungeon
  4430 | D:5      | Identified the cursed +2 long sword of Siysiapluagh
                  | {vorpal, rF+} (You found it on level 4 of the Dungeon)
  4454 | D:5      | HP: 4/84 [orc wizard/magic dart (1)]
  4456 | D:5      | Killed from afar by an orc priest

Illustrated notes

Levels and vault maps discovered:
D:1:      dpeg_arrival_three_same_balls, layout_loops_ring
D:2:      layout_basic, minivault_26
D:3:      kennysheep_goblin_castle, layout_loops_cross
D:4:      layout_loops_ring, ashenzari_altar_1, lemuel_statue_altar
D:5:      layout_cave_pools, kennysheep_little_box, first_ration,
          kennysheep_generic_room_11

Skill      XL: |  1  2  3  4  5 |
---------------+----------------+-----
Shields        | 4 5 |  5.5
Fighting       | 4 5 |  5.5
Armour         | 4 5 |  5.4
Long Blades    | 3 4 |  4.7

Action                   |  1- 3 |  4- 6 || total
-------------------------+-------+-------++-------
Melee: Long sword        |   110 |   190 ||   300
       Headbutt          |    11 |    30 ||    41
Throw: Stone             |       |     2 ||     2
  Use: Scroll            |       |     8 ||     8
       Potion            |       |     1 ||     1
  Eat: Chunk             |     4 |     8 ||    12
Armor: Scale mail        |    46 |       ||    46
       Plate armour      |     5 |   141 ||   146
Dodge: Dodged            |    30 |    46 ||    76
Block: Kite shield       |    62 |   113 ||   175
       Rpst.: Long sword |     8 |    17 ||    25
